 Dungeon Crawl Stone Soup version 0.27-a0-1525-g1038ab4fd7 (webtiles) character file.

Game seed: 12377267227459706778

346 lmSkywalker the Stinger (level 6, -10/40 (45) HPs)
             Began as a Draconian Venom Mage on July 10, 2021.
             Mangled by a wight (13 damage)
             ... on level 6 of the Dungeon.
             The game lasted 00:24:02 (6385 turns).

lmSkywalker the Stinger (Draconian Venom Mage)      Turns: 6385, Time: 00:24:02

HP:   -10/40 (45)   AC:  2    Str: 10    XL:     6   Next: 32%
MP:   2/10          EV: 20    Int: 17    God:
Gold: 213           SH:  0    Dex: 17    Spells: 6/10 levels left

rFire    . . .     SeeInvis .     - Unarmed
rCold    . . .     Faith    .   (shield currently unavailable)
rNeg     . . .     Spirit   .   (armour unavailable)
rPois    x         Reflect  .   (helmet currently unavailable)
rElec    .         Harm     .   (cloak currently unavailable)
rCorr    .         Rampage  .   (gloves currently unavailable)
Will     .....                  (boots currently unavailable)
Stlth    ++........             (no amulet)
HPRegen  0.13/turn              (no ring)
MPRegen  0.12/turn              (no ring)

@: spider-form, heavily drained
A: venomous fangs, AC +6, tiny, unfitting armour, (cold-blooded)
a: End Transformation


You were on level 6 of the Dungeon.
You were a venomous arachnid creature.
You visited 1 branch of the dungeon, and saw 6 of its levels.

You collected 213 gold pieces.

Inventory:

Hand Weapons
 c - a +2 whip of draining
Missiles
 h - 6 boomerangs
 j - 3 javelins
 q - 4 curare-tipped darts
Armour
 k - a +0 pair of gloves (melded)
Magical Staves
 e - a staff of poison (melded)
Scrolls
 a - 3 scrolls of teleportation
 b - 3 scrolls of enchant weapon
 m - a scroll of holy word {unknown}
 r - a scroll of noise {unknown}
Potions
 d - a potion of attraction {unknown}
 f - a potion of heal wounds {unknown}
 g - 4 potions of curing
 i - 2 potions of cancellation
 n - a potion of resistance {unknown}
 o - a potion of brilliance {unknown}
 p - a potion of invisibility {unknown}


   Skills:
 + Level 0.0 Fighting
 + Level 2.6 Dodging
 - Level 1.7 Stealth
 + Level 1.4 Unarmed Combat
 - Level 2.8 Spellcasting
 - Level 4.0 Transmutations
 - Level 4.5 Poison Magic


You had 6 spell levels left.
You knew the following spells:

 Your Spells              Type           Power      Damage    Failure   Level
a - Sting                 Tmut/Pois      68%        1d6       11%         1
b - Spider Form           Tmut/Pois      8%         N/A       22%         3

Your spell library contained the following spells:

 Spells                   Type           Power      Damage    Failure   Level
 Beastly Appendage        Tmut           32%        N/A       12%         1
 Wereblood                Tmut           16%        N/A       16%         2
 Poisonous Vapours        Pois/Air       20%        N/A       26%         2
 Passwall                 Tmut/Erth      7%         N/A       28%         2
 Sandblast                Erth           4%         2d4       38%         1
 Olgreb's Toxic Radiance  Pois           17%        N/A       47%         4
 Mephitic Cloud           Conj/Pois/Air  7%         N/A       50%         3
 Summon Lightning Spire   Summ/Air       2%         N/A       96%         4
 Lee's Rapid Deconstruct  Erth           1%         3d5*      100%        5
 Storm Form               Tmut/Air       4%         N/A       100%        7
 Maxwell's Capacitive Co  Air            1%         ∞         100%        8


Dungeon Overview and Level Annotations

Branches:
Dungeon (6/15)
 Temple: D:4-7

Altars:

Shops:
D:4 (

Annotations:
D:5 2 runed translucent doors, Pikel; blackman's ghost, novice HuFi


Innate Abilities, Weirdness & Mutations

You are a venomous arachnid creature.
You have poisonous fangs.
You are tiny and dextrous.
Your spellcasting is less reliable in this form.
Your armour is entirely melded.
You are incapable of wielding weapons or throwing items.
((Your plain brown scales are hard. (AC +6)))
You cannot fit into any form of body armour.
((You are cold-blooded and may be slowed by cold attacks.))


Message History

The wight hits you with a +3 long sword of freezing.
The wight freezes you.
Casting: Sting (safe; 3% risk of failure)
Confirm with . or Enter, or press ? or * to list all spells.
Aiming: Sting (safe; 3% risk of failure)
Press: ? - help, Shift-Dir - straight line, f/p - wight
Aim: a wight, wielding a +3 long sword of freezing and wearing a +0 robe (moderately damaged, 78% to hit)
You feel a surge of power!
The sting misses the wight.
You feel yourself speed up. The wight barely misses you.
The wight closely misses you.
Casting: Sting (safe; 3% risk of failure)
Confirm with . or Enter, or press ? or * to list all spells.
You feel a surge of power!
You turn into a venomous arachnid creature.
Your staff of poison melds into your body.
Your +0 pair of gloves melds into your body.
The wight completely misses you. The wight misses you.
You hit the wight.
The wight is severely damaged.
The wight hits you with a +3 long sword of freezing.
You feel drained. The wight freezes you.
You hit the wight.
The wight is severely damaged.
The wight completely misses you.
You hit the wight but do no damage.
The wight is severely damaged.
The wight misses you.
You hit the wight.
The wight is almost destroyed.
The wight hits you with a +3 long sword of freezing!
* * * LOW HITPOINT WARNING * * *
You feel drained.
* * * LOW HITPOINT WARNING * * *
The wight freezes you.
* * * LOW HITPOINT WARNING * * *
You hit the wight.
The wight is almost destroyed.
The wight hits you with a +3 long sword of freezing!
You die...

#....#. #.# #.#.
#.#.##.##.# #.#.
#.#.##....# #.#.##.#.#
#... ...#..#.# #.##
#..#.##.####.#
#..#.##......#
#########.#.##########
#...zs.##........)....
#.####.##...##########
.. #.##<..#
..#######.##...# ..
+....(.......# .
#######......#
#####..###
...........#
########.#.#


You could see a wight.

Vanquished Creatures
  A wyvern zombie (D:5)
  A bullfrog zombie (D:3)
  An orc priest (D:4)
  An iguana (D:5)
  An orc wizard (D:4)
  2 hound skeletons (D:4)
  4 gnolls (D:5)
  3 adders
  A worm (D:2)
  A dart slug (D:1)
  6 orcs
  6 endoplasms
  4 giant cockroaches
  6 hobgoblins
  3 quokkas
  5 ball pythons
  8 bats
  3 frilled lizards
  8 goblins
  7 kobolds
  5 rats
77 creatures vanquished.

Vanquished Creatures (others)
  A withered plant (D:1)
1 creature vanquished.

Grand Total: 78 creatures vanquished

Notes
Turn   | Place    | Note
-------+----------+-------------------------------------------
     0 | D:1      | lmSkywalker the Draconian Venom Mage began the quest for
                  | the Orb.
     0 | D:1      | Reached XP level 1. HP: 14/14 MP: 3/3
   395 | D:1      | Found a faded altar of an unknown god.
   504 | D:1      | Reached XP level 2. HP: 20/20 MP: 5/5
   817 | D:1      | Reached skill level 1 in Unarmed Combat
  1312 | D:3      | Reached XP level 3. HP: 14/26 MP: 4/6
  2356 | D:3      | Learned a level 3 spell: Spider Form
  2636 | D:3      | Reached XP level 4. HP: 33/33 MP: 3/8
  3958 | D:4      | Found Utoezom's Antique Weapon Shoppe.
  4102 | D:4      | Reached XP level 5. HP: 36/38 MP: 9/9
  4733 | D:5      | Entered Level 5 of the Dungeon
  5517 | D:5      | Upgraded the game from 0.27-a0-1513-g2aaa0cc67b to
                  | 0.27-a0-1525-g1038ab4fd7
  5622 | D:5      | Noticed an ogre
  5744 | D:5      | Reached XP level 6. HP: 33/45 MP: 2/10
  5851 | D:5      | Found a large runed translucent door.
  5852 | D:5      | Found a large runed translucent door.
  5854 | D:5      | Noticed blackman's ghost (novice HuFi)
  5940 | D:5      | Noticed an ice beast
  6017 | D:5      | Noticed Pikel
  6385 | D:6      | Mangled by a wight

Illustrated notes

Levels and vault maps discovered:
D:1:      lemuel_arrival_room, layout_loops_ring,
          ebering_ecumenical_altar_petrified, st_stairs_7, hex_tiny
D:2:      layout_loops_ring, wad_orctagon
D:3:      minmay_skewed_foursquare, layout_basic, minmay_distorted
D:4:      layout_rooms, serial_shops, nicolae_stop_n_shop_1
D:5:      layout_rooms, doesnt_xom_only_xom, ebering_ghost_disaster_area,
          minmay_misc_feat_square, nicolae_shop_self_help, uniq_pikel
D:6:      layout_basic, minmay_temple_entry_from_below_a

Skill      XL: |  1  2  3  4  5  6 |
---------------+-------------------+-----
Unarmed Combat | 1 |  1.4
Transmutations | 2 3 4 |  4.0
Poison Magic   | 4 |  4.5
Dodging        | 2 |  2.6
Stealth        | |  1.7
Spellcasting   | |  2.8

Action                   |  1- 3 |  4- 6 || total
-------------------------+-------+-------++-------
Melee: Dagger            |     5 |       ||     5
       Unarmed           |     2 |    53 ||    55
       Tailslap          |     4 |     3 ||     7
       Staff             |    33 |    33 ||    66
 Cast: Sting             |    77 |    64 ||   141
       Spider Form       |       |     8 ||     8
 Abil: End Transformatio |       |     1 ||     1
  Use: Scroll            |       |     4 ||     4
 Stab: Sleeping          |     1 |     1 ||     2
Armor: Skin              |    32 |    26 ||    58
Dodge: Dodged            |    54 |   102 ||   156

Table legend: (Time is in decaauts)
 A = Elapsed time spent in this place.
 B = Non-inter-level travel time spent in this place.
 C = Inter-level travel time spent in this place.
 D = Time resting spent in this place.
 E = Time spent auto-exploring this place.
 F = Levels seen in this place.
 G = Mean time per level.
                   A        B        C        D        E       F      G
               +--------+--------+--------+--------+--------+-----+--------+
         Total |   6414 |   5994 |    420 |   2107 |   1894 |   6 | 1069.0 |
       Dungeon |   6414 |   5994 |    420 |   2107 |   1894 |   6 | 1069.0 |
               +--------+--------+--------+--------+--------+-----+--------+

Top non-repeatable levels by time:
     D:3: 1997 daAuts
     D:4: 1256 daAuts
     D:5: 1067 daAuts
     D:1: 1011 daAuts
     D:2: 970 daAuts
     D:6: 110 daAuts
